 Dungeon Crawl Stone Soup version 0.22-a0-223-g0f5d773 (webtiles) character file.

3 4thArraOfDagon the Vexing (level 1, -3/13 HPs)
             Began as an Octopode Arcane Marksman on Feb 18, 2018.
             Slain by an adder (4 damage)
             ... on level 2 of the Dungeon.
             The game lasted 00:00:48 (145 turns).

4thArraOfDagon the Vexing (Octopode Arcane Marksman) Turns: 145, Time: 00:00:49

Health: -3/13      AC:  1    Str:  9    XL:     1   Next: 50%
Magic:  2/2        EV: 15    Int: 15    God:
Gold:   14         SH:  0    Dex: 12    Spells: 1/2 levels left

rFire    . . .     SeeInvis .   (no weapon)
rCold    . . .     Gourm    .   (no shield)
rNeg     . . .     Faith    .   (helmet restricted)
rPois    .         Spirit   .   (no amulet)
rElec    .         Reflect  .   f - +2 ring of evasion
rCorr    .         Harm     .   (no ring)
MR       .....                  (no ring)
Stlth    ++........             (no ring)
HPRegen  0.04/turn              (no ring)
MPRegen  0.08/turn              (no ring)
                                (no ring)
                                (no ring)

@: lethally poisoned (-3 -> -9)
A: almost no armour, stealthy swim, amphibious, 8 rings, constrict 8, camouflage
1, gelatinous body 1
a: no special abilities


You were on level 2 of the Dungeon.
You were not hungry.

You visited 1 branch of the dungeon, and saw 3 of its levels.

You collected 14 gold pieces.

Inventory:

Missiles
 b - 3 javelins (quivered)
 c - 2 throwing nets
Jewellery
 f - a +2 ring of evasion (left tentacle)
Scrolls
 d - a scroll of noise {unknown}
 e - a scroll of remove curse {unknown}
 g - a scroll of identify {unknown}
Comestibles
 a - a ration


   Skills:
 - Level 1.0 Fighting
 * Level 2.3 Throwing
 - Level 2.0 Dodging
 - Level 1.0 Spellcasting
 - Level 3.0 Hexes


You had one spell level left.
You knew the following spells:

 Your Spells              Type           Power        Failure   Level  Hunger
a - Corona                Hex            #......      7%          1    ##.....


Dungeon Overview and Level Annotations

Branches:
Dungeon (3/15)

Altars:


Innate Abilities, Weirdness & Mutations

You cannot wear most types of armour.
You are very stealthy in the water. (Stealth+)
You are amphibious.
You can wear up to eight rings at the same time.
You can use your tentacles to constrict eight enemies at once.
Your skin changes colour to match your surroundings (Stealth+).
Your rubbery body absorbs attacks. (AC +1, EV +1)


Message History

Quiver which item? (- for none, * to show all) (? for menu, Esc to quit)
Quivering
b - 4 javelins for throwing. 2 adders come into view.
You tentacle-slap the adder but do no damage.
Your grab misses the adder. The adder bites you but does no damage.
The adder misses you.
You miss the adder. You grab the adder. You squeeze the adder.
The adder is heavily wounded.
You constrict the adder. The adder bites you.
* * * LOW HITPOINT WARNING * * *
You are lethally poisoned!
The adder poisons you!
Throwing (i - inventory. (/) - cycle)
b - 4 javelins (quivered)
Press: ? - help, Shift-Dir - straight line, f - adder
Aim: an adder (heavily wounded, constricted by you)
You throw a javelin. The javelin barely misses the adder.
You constrict the adder.
* * * LOW HITPOINT WARNING * * *
You feel sick. The adder bites you.
You die...

#################
#.@.............#
#S#############.#
#.# #.# #.# #.#
######.##### #.#
#..........# #.#
#.####.###.# #.#
#.# ##(# #)# #).#


You could see an adder.

Vanquished Creatures
  An orc (D:2)
  A ball python (D:2)
2 creatures vanquished.

Notes
Turn   | Place    | Note
-------+----------+-------------------------------------------
     0 | D:1      | 4thArraOfDagon the Octopode Arcane Marksman began the quest for the Orb.
     0 | D:1      | Reached XP level 1. HP: 13/13 MP: 2/2
    94 | D:3      | Noticed an orc priest
   145 | D:2      | Slain by an adder

Vault maps used:
D:1:      lemuel_arrival_cross
D:2:      wad_river_or_something
D:3:      serial_forest, infiniplex_forest_clump_small,
          infiniplex_forest_end_double, infiniplex_forest_clump_curved,
          infiniplex_forest_clump_curved, infiniplex_forest_straight_5

Action                   || total
-------------------------++-------
Melee: Unarmed           ||     4
       Constrict         ||     2
       Tentacles         ||     1
Throw: Javelin           ||     6
       Throwing net      ||     2
Armor: Skin              ||     1
Dodge: Dodged            ||     7

Table legend:
 A = Spawn XP
 B = Non-spawn XP
 C = Spawn XP percentage of total XP
 D = Spawn monster count
 E = Non-spawn monster count
 F = Spawn count percentage of total count
 G = Total turns spent on level
                    A         B        C        D         E        F      G
               +---------+---------+-------+---------+---------+-------+---------
         Total |       0 |       5 |   0.0 |       0 |       2 |   0.0 |   145
               +---------+---------+-------+---------+---------+-------+---------
           D:2 |       0 |       5 |   0.0 |       0 |       2 |   0.0 |   127
               +---------+---------+-------+---------+---------+-------+---------
